 Dungeon Crawl Stone Soup version 0.20.1-1-g8b1a95d (webtiles) character file.

25220 Sharp the Cleaver (level 12, -1/116 HPs)
             Began as a Minotaur Fighter on Aug 22, 2017.
             Was a High Priest of Makhleb.
             Succumbed to a hornet's poison
             ... while paralysed by a hornet
             ... on level 1 of the Swamp.
             The game lasted 01:31:00 (12499 turns).

Sharp the Cleaver (Minotaur Fighter)               Turns: 12499, Time: 01:31:01

Health: -1/116     AC: 16    Str: 25    XL:     12   Next: 87%
Magic:  13/13      EV:  2    Int:  5    God:    Makhleb [*****.]
Gold:   915        SH:  0    Dex: 11    Spells: 11/11 levels left

rFire    . . .     SeeInvis .   H - +3 war axe
rCold    . . .     Gourm    .   x - +0 large shield
rNeg     . . .     Faith    .   a - +4 ring mail {rPois}
rPois    +         Spirit   .   (helmet unavailable)
rElec    .         Reflect  .   L - +2 cloak
rCorr    .         Harm     .   r - +0 pair of gloves
MR       .....                  (no boots)
Stlth    +.........             P - amulet of regeneration
Regen    0.7/turn               z - +5 ring of evasion (curse)
MPRegen  0.2/turn               s - ring of poison resistance

@: paralysed, lethally poisoned (-1 -> -11), grasped by roots, slowed, very slow
A: retaliatory headbutt, horns 3, rugged brown scales 1, screaming 1
a: Minor Destruction, Lesser Servant of Makhleb, Major Destruction, Greater
Servant of Makhleb, Renounce Religion


You were on level 1 of the Swamp.
You worshipped Makhleb.
Makhleb was extremely pleased with you.
You were not hungry.

You visited 4 branches of the dungeon, and saw 17 of its levels.

You collected 915 gold pieces.

Inventory:

Hand Weapons
 F - a +4 hand axe of freezing
 H - a +3 war axe (weapon)
Armour
 a - a +4 ring mail of poison resistance (worn)
 r - a +0 pair of gloves (worn)
 x - a +0 large shield (worn)
 L - a +2 cloak (worn)
Jewellery
 p - an uncursed ring of protection from cold
 s - a ring of poison resistance (right hand)
 z - a cursed +5 ring of evasion (left hand)
 P - an amulet of regeneration (around neck)
 W - an uncursed ring of positive energy
Wands
 i - a wand of lightning (4/15)
 l - a wand of disintegration (0/24)
 q - a wand of scattershot (7/9)
 t - a wand of polymorph (12/24)
 u - a wand of random effects (20/48)
 E - a wand of flame (0/48)
 I - a wand of lightning (10/15)
 K - a wand of disintegration (3/24)
 N - a wand of enslavement (0/24)
 T - a wand of flame (15/48)
 V - a wand of confusion (20/48)
Scrolls
 d - 3 scrolls of amnesia
 e - 8 scrolls of remove curse
 j - a scroll of recharging
 n - 8 scrolls of identify
 o - 2 scrolls of torment
 C - a scroll of enchant weapon
 D - 3 scrolls of teleportation
 J - 2 scrolls of enchant armour
 R - a scroll of fear
Potions
 b - a potion of resistance
 c - 3 potions of might
 f - 3 potions of agility
 g - a potion of curing
 h - 3 potions of lignification
 m - 5 potions of mutation
 A - 5 potions of flight
 G - a potion of haste
 M - 2 potions of cancellation
 X - a potion of ambrosia
Books
 v - a book of Maledictions

   Spells                             Type                      Level
   a - Corona                         Hexes                        1
   b - Ensorcelled Hibernation        Hexes/Ice                    2
   c - Confuse                        Hexes                        3
   d - Tukima's Dance                 Hexes                        3
   e - Dazzling Spray                 Conjuration/Hexes            3
 y - a book of Transfigurations

   Spells                             Type                      Level
   a - Irradiate                      Conjuration/Transmutation    5
   b - Statue Form                    Transmutation/Earth          6
   c - Hydra Form                     Transmutation                6
   d - Dragon Form                    Transmutation                7
 B - a book of Power

   Spells                             Type                      Level
   a - Iskenderun's Battlesphere      Conjuration/Charms           5
   b - Venom Bolt                     Conjuration/Poison           5
   c - Bolt of Magma                  Conjuration/Fire/Earth       5
   d - Iron Shot                      Conjuration/Earth            6
   e - Orb of Destruction             Conjuration                  7
   f - Spellforged Servitor           Conjuration/Summoning        7
 O - a book of Flames

   Spells                             Type                      Level
   a - Flame Tongue                   Conjuration/Fire             1
   b - Throw Flame                    Conjuration/Fire             2
   c - Conjure Flame                  Conjuration/Fire             3
   d - Inner Flame                    Hexes/Fire                   3
   e - Sticky Flame                   Conjuration/Fire             4
   f - Fireball                       Conjuration/Fire             5
 S - a book of Unlife

   Spells                             Type                      Level
   a - Recall                         Summoning/Translocation      3
   b - Animate Dead                   Necromancy                   4
   c - Control Undead                 Necromancy                   4
   d - Cigotuvi's Embrace             Necromancy                   5
   e - Death Channel                  Necromancy                   6
   f - Simulacrum                     Ice/Necromancy               6
 U - a book of Air

   Spells                             Type                      Level
   a - Shock                          Conjuration/Air              1
   b - Swiftness                      Charms/Air                   2
   c - Static Discharge               Conjuration/Air              3
   d - Airstrike                      Air                          4
   e - Lightning Bolt                 Conjuration/Air              5
Miscellaneous
 w - a lamp of fire
 Q - a box of beasts


   Skills:
 * Level 12.9 Fighting
 + Level 13.9 Axes
 + Level 9.2 Armour
 + Level 6.3 Dodging
 + Level 1.5 Stealth
 + Level 13.5 Shields
 + Level 2.9 Evocations


You had 11 spell levels left.
You didn't know any spells.

Dungeon Overview and Level Annotations

Branches:
Dungeon (11/15)            Temple (1/1) D:5            Lair (4/6) D:11
  Swamp (1/4) Lair:4       Spider (0/4) Lair:4
    Orc: D:9-12

Altars:
Ashenzari
Cheibriados
Dithmenos
Elyvilon
Fedhas
Gozag
Hepliaklqana
Kikubaaqudgha
Makhleb
Nemelex Xobeh
Okawaru
Qazlal
Ru
Sif Muna
Trog
Uskayaw
Vehumet
Xom
Yredelemnul
Zin
The Shining One

Shops:
D:8 (


Innate Abilities, Weirdness & Mutations

You reflexively headbutt those who attack you in melee.
You have a pair of large horns on your head.
You are partially covered in rugged brown scales. (AC +1, +3% HP)
You occasionally shout uncontrollably at your foes.


Message History

Unknown command.
You feel much better.
You feel very sick. You block the hornet's attack. The hornet stings you!
You feel as though you will be slow longer.
The hornet stings you but does no damage. x2
You block the hornet's attack. The hornet stings you!
* * * LOW HITPOINT WARNING * * *
You are more poisoned.
You suddenly lose the ability to move!
The shambling mangrove hits you but does no damage.
The tyrant leech bites you!
* * * LOW HITPOINT WARNING * * *
The tyrant leech draws strength from your injuries!
The hornet stings you but does no damage. x2
The hornet stings you!
* * * LOW HITPOINT WARNING * * *
You shrug off the repeated paralysis!
The hornet stings you.
* * * LOW HITPOINT WARNING * * *
You die...

♣♣ ♣♣...♣≈.≈≈≈≈≈..♣♣♣♣
♣♣≈♣.≈§..≈...≈≈≈....♣
♣♣....≈...≈≈...≈≈≈≈≈≈.≈
♣.≈≈≈≈.♣♣.≈≈≈....≈≈≈≈≈.
♣♣≈≈≈≈≈..≈≈≈≈≈≈≈≈≈≈≈≈...
♣♣.≈≈.≈≈.≈.≈≈≈≈≈≈≈≈≈....
.......≈...≈≈≈≈≈yy≈≈...≈
♣♣....♣♣♣..≈≈≈≈w@f≈≈≈>.≈
.....♣♣≈.≈≈≈≈≈≈yy......
≈♣♣♣♣..♣...≈≈≈≈≈≈≈...≈♣♣
♣ ......≈≈≈≈≈.≈≈...♣
♣..§.≈≈≈≈≈.≈≈≈≈...
♣.≈≈≈...≈≈≈♣≈≈≈§.
≈♣≈≈≈...≈≈≈≈≈≈≈≈≈
..≈≈...≈≈.≈§≈≈.≈≈
≈....♣≈§≈.=.≈≈


You could see a shambling mangrove, a tyrant leech and 4 hornets.

Vanquished Creatures
  Gastronok (Lair:2)
  The ghost of mursu the Arsonist, a journeyman HOFE of Vehumet (Lair:4)
  4 hydras
  2 two-headed ogres
  Joseph (D:9)
  2 black mambas (Lair:4)
  Maurice (D:10)
  7 spiny frogs
  The ghost of Berahthraban the Ducker, a novice HuCj (D:5)
  2 komodo dragons (Lair:3)
  2 rime drakes
  2 jumping spiders (Lair:4)
  A polar bear (Lair:2)
  8 blink frogs
  A bog body (Swamp:1)
  4 dream sheep (Lair:3)
  3 hippogriffs
  A redback (Lair:4)
  A shadow (Swamp:1)
  A wyvern (D:8)
  22 yaks
  3 basilisks
  A swamp worm (Lair:4)
  Menkaure (D:5)
  4 insubstantial wisps (Swamp:1)
  Edmund (D:6)
  5 water moccasins
  4 porcupines
  2 orc warriors (D:8)
  4 ice beasts
  A black bear (D:9)
  2 sky beasts (D:7)
  5 ogres
  A necrophage (D:9)
  A centaur (D:5)
  8 crocodiles
  A big kobold (D:10)
  14 bullfrogs
  A gnoll sergeant (D:9)
  2 scorpions (D:10)
  12 wights
  3 howler monkeys
  A centaur zombie (D:7)
  A lava snake (D:7)
  A quasit (D:10)
  A bullfrog zombie (D:10)
  11 orc wizards
  Crazy Yiuf (D:3)
  4 orc priests
  A jelly (D:6)
  A centaur skeleton (D:10)
  Jessica (D:3)
  3 iguanas
  6 worker ants
  A killer bee zombie (D:4)
  Robin (D:3)
  3 worker ant zombies
  4 adders
  9 gnolls
  A howler monkey skeleton (D:7)
  3 shadow imps
  An adder skeleton (D:5)
  5 worms
  A dart slug (D:1)
  4 leopard geckos
  32 orcs
  5 giant cockroaches
  13 goblins
  3 hobgoblins
  3 jackals (D:4)
  6 quokkas
  5 bats
  A frilled lizard (D:3)
  11 kobolds
  A leopard gecko skeleton (D:6)
  6 rats
  A fungus (Lair:2)
296 creatures vanquished.

Vanquished Creatures (others)
  2 fungi (Lair:3)
2 creatures vanquished.

Grand Total: 298 creatures vanquished

Notes
Turn   | Place    | Note
-------+----------+-------------------------------------------
     0 | D:1      | Sharp the Minotaur Fighter began the quest for the Orb.
     0 | D:1      | Reached XP level 1. HP: 19/19 MP: 0/0
   369 | D:1      | Reached XP level 2. HP: 25/27 MP: 1/1
   899 | D:2      | Reached XP level 3. HP: 31/33 MP: 2/2
  1733 | D:2      | Gained mutation: You occasionally shout uncontrollably at your foes. [potion of mutation]
  1733 | D:2      | Gained mutation: You have a pair of large horns on your head. [potion of mutation]
  1733 | D:2      | Gained mutation: You are partially covered in rugged brown scales. (AC +1, +3% HP) [potion of mutation]
  1821 | D:3      | Reached XP level 4. HP: 17/42 MP: 3/3
  1865 | D:3      | Noticed Jessica
  1895 | D:3      | Killed Jessica
  2027 | D:3      | Found a runed door.
  2031 | D:3      | Noticed Crazy Yiuf
  2036 | D:3      | Killed Crazy Yiuf
  2036 | D:3      | Reached XP level 5. HP: 18/48 MP: 4/4
  2434 | D:3      | Noticed Robin
  2440 | D:3      | Killed Robin
  2671 | D:4      | Reached skill level 5 in Fighting
  2682 | D:4      | Noticed an ogre
  2686 | D:4      | Killed an ogre
  2686 | D:4      | Reached skill level 5 in Axes
  2686 | D:4      | Reached skill level 5 in Armour
  2686 | D:4      | Reached XP level 6. HP: 57/57 MP: 5/5
  2745 | D:4      | Reached skill level 1 in Dodging
  3271 | D:5      | Entered Level 5 of the Dungeon
  3286 | D:5      | Noticed Menkaure
  3294 | D:5      | Killed Menkaure
  3294 | D:5      | Reached XP level 7. HP: 28/62 MP: 6/6
  3338 | D:5      | Noticed Berahthraban's ghost (novice HuCj)
  3359 | D:5      | Killed Berahthraban's ghost
  3359 | D:5      | Reached skill level 5 in Shields
  3725 | D:5      | Found a staircase to the Ecumenical Temple.
  3749 | D:5      | Found a glowing golden altar of the Shining One.
  3771 | Temple   | Entered the Ecumenical Temple
  3826 | Temple   | Became a worshipper of Makhleb the Destroyer
  4338 | D:5      | Reached XP level 8. HP: 72/72 MP: 7/7
  4425 | D:6      | Noticed Edmund
  4479 | D:6      | Killed Edmund
  5838 | D:8      | Reached * piety under Makhleb
  5852 | D:8      | Reached XP level 9. HP: 48/81 MP: 8/8
  6368 | D:8      | Reached ** piety under Makhleb
  6451 | D:8      | Found Teuschoe's Antique Weapon Boutique.
  6767 | D:9      | Noticed Joseph
  6786 | D:9      | Killed Joseph
  7090 | D:9      | Reached skill level 10 in Shields
  7090 | D:9      | Reached XP level 10. HP: 91/91 MP: 9/9
  7117 | D:9      | Noticed a two-headed ogre
  7133 | D:9      | Reached skill level 10 in Axes
  7153 | D:9      | Killed a two-headed ogre
  7621 | D:10     | Entered Level 10 of the Dungeon
  7724 | D:10     | Reached *** piety under Makhleb
  7890 | D:10     | Noticed a two-headed ogre
  7897 | D:10     | Killed a two-headed ogre
  7956 | D:10     | Reached skill level 10 in Fighting
  8154 | D:10     | Noticed Maurice
  8501 | D:10     | Killed Maurice
  8501 | D:10     | Reached XP level 11. HP: 101/101 MP: 10/10
  8723 | D:11     | Found a staircase to the Lair.
  8736 | Lair:1   | Entered Level 1 of the Lair of Beasts
  8747 | Lair:1   | Reached skill level 1 in Stealth
  8796 | Lair:1   | Noticed a six-headed hydra
  8813 | Lair:1   | Killed a six-headed hydra
  8813 | Lair:1   | Reached **** piety under Makhleb
  8813 | Lair:1   | Reached skill level 1 in Evocations
  9049 | Lair:1   | Noticed a six-headed hydra
  9065 | Lair:1   | Killed a six-headed hydra
  9252 | Lair:1   | Noticed a four-headed hydra
  9622 | Lair:1   | Killed a four-headed hydra
  9724 | Lair:2   | Reached skill level 5 in Dodging
  9983 | Lair:2   | Noticed Gastronok
 10005 | Lair:2   | Killed Gastronok
 10083 | Lair:2   | Reached XP level 12. HP: 113/113 MP: 13/13
 10591 | Lair:3   | Found a labyrinth entrance.
 11573 | Lair:4   | Found a hole to the Spider Nest.
 11581 | Lair:4   | Noticed mursu's ghost (journeyman HOFE)
 11665 | Lair:4   | Killed mursu's ghost
 11709 | Lair:4   | Reached ***** piety under Makhleb
 12023 | Lair:4   | Found a staircase to the Swamp.
 12170 | Lair:4   | Noticed an eight-headed hydra
 12177 | Lair:4   | Killed an eight-headed hydra
 12429 | Swamp:1  | Entered Level 1 of the Swamp
 12498 | Swamp:1  | Paralysed by a hornet for 3 turns
 12498 | Swamp:1  | HP: 1/116 [hornet[a shambling mangrove] (6)]
 12499 | Swamp:1  | Succumbed to a hornet's poison

Skill      XL: |  1  2  3  4  5  6  7  8  9 10 11 12 |
---------------+-------------------------------------+-----
Armour         | 4 5 6 7 8 9 |  9.2
Axes           | 3 4 5 6 8 9 11 12 13 | 13.9
Fighting       | 4 5 6 7 8 10 11 12 | 12.9
Shields        | 4 5 7 10 11 12 13 | 13.5
Dodging        | 1 2 3 5 6 |  6.3
Stealth        | 1 |  1.5
Evocations     | 2 |  2.9

Action                   |  1- 3 |  4- 6 |  7- 9 | 10-12 || total
-------------------------+-------+-------+-------+-------++-------
Melee: War axe           |    70 |    83 |   291 |   540 ||   984
       Headbutt          |    10 |    14 |    65 |   112 ||   201
Evoke: Wand              |       |     3 |       |    59 ||    62
  Use: Scroll            |     6 |     5 |     5 |     6 ||    22
       Potion            |     1 |     7 |     3 |     4 ||    15
 Stab: Distracted        |       |       |     1 |       ||     1
  Eat: Bread ration      |     1 |     1 |     1 |       ||     3
       Royal jelly       |       |       |     3 |     4 ||     7
       Chunk             |       |       |     2 |     1 ||     3
       Meat ration       |       |       |       |     2 ||     2
Armor: Scale mail        |    23 |    33 |    35 |       ||    91
       Plate armour      |       |       |    44 |       ||    44
       Ring mail         |       |       |     4 |   185 ||   189
Dodge: Dodged            |    21 |    42 |    61 |   244 ||   368
Block: Shield            |    26 |     5 |       |       ||    31
       Buckler           |       |    26 |     1 |       ||    27
       Large shield      |       |       |   227 |   550 ||   777
